 Dungeon Sprint DCSS version 0.23.0 (webtiles) character file.

Game seed: 13421391977980015766

1295 Kairos the Blocker (level 8, -12/72 (73) HPs)
             Began as a Formicid Fighter on Feb 12, 2019.
             Was a Follower of Okawaru.
             Mangled by an orc knight
             ... wielding a +0 great sword
              (21 damage)
             ... in the Dungeon (Sprint III: "The Ten Rune Challenge").
             The game lasted 00:04:26 (819 turns).

Kairos the Blocker (Formicid Fighter)                Turns: 819, Time: 00:04:27

HP:   -12/72 (73)   AC: -7    Str: 22    XL:     8   Next: 86%
MP:   6/8           EV: 10    Int:  9    God:    Okawaru [*.....]
Gold: 33            SH: 13    Dex: 10    Spells: 7/7 levels left

rFire    . . .     SeeInvis +   a - +0 quarterstaff
rCold    . . .     Gourm    .   c - +1 shield
rNeg     . . .     Faith    .   b - +0 scale mail
rPois    .         Spirit   .   (helmet unavailable)
rElec    .         Reflect  .   (no cloak)
rCorr    .         Harm     .   (no gloves)
MR       .....                  (no boots)
Stlth    ..........             (no amulet)
HPRegen  0.22/turn              (no ring)
MPRegen  0.11/turn              (no ring)

@: corroded
A: permanent stasis, dig shafts and tunnels, four strong arms, antennae 3
a: Dig, Heroism, Renounce Religion


You were in the Dungeon.
You worshipped Okawaru.
Okawaru was aware of your devotion.
You were not hungry.

You visited 1 branch You collected 33 gold pieces.

Inventory:

Hand Weapons
 a - a +0 quarterstaff (weapon)
 d - a +0 long sword of holy wrath
Armour
 b - a +0 scale mail (worn)
 c - a +1 shield (worn)
Wands
 l - a wand of random effects (13)
Scrolls
 k - a scroll of blinking
 o - 2 scrolls of torment
 p - a scroll of identify
 q - 2 scrolls of remove curse
Potions
 e - 3 potions of curing
 g - a potion of heal wounds
 h - a potion of haste
 i - 2 potions of magic
 j - a potion of berserk rage
 n - 3 potions of mutation {unknown}
 r - 3 potions of flight
 t - a potion of degeneration {unknown}
Comestibles
 f - 4 rations
 m - 5 chunks of flesh


   Skills:
 + Level 10.4 Fighting
 + Level 9.7 Staves
 + Level 10.6 Armour
 + Level 1.0 Dodging
 + Level 11.3 Shields
 + Level 0.1 Evocations


You had 7 spell levels left.
You didn't know any spells.
Your spell library contained the following spells:

 Spells                   Type           Power        Failure   Level  Hunger
 Magic Dart               Conj           #...         65%         1    ##.....
 Call Imp                 Summ           #.......     80%         2    ###....
 Slow                     Hex            #.......     80%         2    ###....
 Conjure Flame            Conj/Fire      #.......     95%         3    ####...
 Mephitic Cloud           Conj/Pois/Air  #.......     95%         3    ####...
 Blink                    Tloc           Unusable     N/A         2    N/A

Dungeon Overview and Level Annotations

Branches:
Dungeon (1/1)

Altars:
Cheibriados
Dithmenos
Elyvilon
Fedhas
Gozag
Hepliaklqana
Kikubaaqudgha
Makhleb
Nemelex Xobeh
Okawaru
Qazlal
Ru
Sif Muna
Trog
Uskayaw
Vehumet
Wu Jian
Xom
Yredelemnul
Zin
The Shining One
Beogh
Jiyva
Lugonu


Innate Abilities, Weirdness & Mutations

You cannot be hasted, slowed, berserked, paralysed or teleported.
You can dig through walls and to a lower floor.
Your four strong arms can wield two-handed weapons with a shield.
You have a pair of large antennae on your head. (SInv)


Message History

The orc sorcerer goes into a battle-frenzy!
You block the rust devil's attack.
The orc sorcerer hits you but does no damage.
You hit the orc knight but do no damage.
The orc knight is almost dead.
The rust devil closely misses you. You block the orc knight's attack.
The rust devil hits you!
* * * LOW HITPOINT WARNING * * *
The rust devil corrodes you!
Unknown command.
You closely miss the orc sorcerer. The orc sorcerer barely misses you.
You block the rust devil's attack.
You barely miss the orc sorcerer. You block the orc knight's attack.
The rust devil misses you.
The orc sorcerer hits you but does no damage.
The rust devil barely misses you.
You closely miss the orc sorcerer. You block the rust devil's attack.
The orc sorcerer misses you.
The orc knight hits you with a +0 great sword!!
You die...

.♣♣♣♣.###'#'###)##o{{{{ {
♣.♣.))#..........#{$ {{
≈♣♣♣♣.'.⌠........#{##
≈≈≈♣..#...######'#{$
≈≈....#.⌠.#v_#...#{#### #
≈.....#...#__#...#{).{#.#
{
......#)###_{#..4##{#..#
......#.).#__#.4oo##.#.#
......#___#__+.4@#{..#..#
▓▓▓▓▓▓▓▓▓▓▓▓▓▓▓▓▓▓▓▓▓▓▓▓▓
{ { { {{ { {{


You could see an orc knight, 3 rust devils and an orc sorcerer.

Vanquished Creatures
  A deep elf mage (D)
  A shadow (D)
  A necrophage (D)
  2 two-headed ogres (D)
  A water elemental (D)
  A scorpion (D)
  A wizard (D)
  A jelly (D)
  Jessica (D)
  A necromancer (D)
  3 humans (D)
  A kobold demonologist (D)
  An orc (D)
  2 rats (D)
18 creatures vanquished.

Vanquished Creatures (others)
  2 draconian scorchers (D)
  A yaktaur (D)
  6 hellions (D)
  2 plants (D)
11 creatures vanquished.

Grand Total: 29 creatures vanquished

Notes
Turn   | Place    | Note
-------+----------+-------------------------------------------
     0 | D        | Kairos the Formicid Fighter began the quest for the Orb.
     0 | D        | Reached XP level 1. HP: 18/18 MP: 1/1
    11 | D        | Noticed Jessica
    13 | D        | Killed Jessica
    13 | D        | Reached skill level 5 in Shields
    13 | D        | Reached XP level 2. HP: 26/26 MP: 2/2
    13 | D        | Reached XP level 3. HP: 32/32 MP: 3/3
    73 | D        | Reached skill level 5 in Fighting
    73 | D        | Reached skill level 5 in Armour
    76 | D        | Killed a yaktaur
    88 | D        | Noticed a scorpion
    96 | D        | Killed a hellion
   100 | D        | Killed a scorpion
   100 | D        | Reached skill level 6 in Shields
   100 | D        | Reached XP level 4. HP: 31/40 MP: 4/4
   100 | D        | Killed a hellion
   102 | D        | Killed a hellion
   102 | D        | Killed a hellion
   141 | D        | Killed a hellion
   141 | D        | Killed a white draconian scorcher
   153 | D        | Killed a white draconian scorcher
   155 | D        | Killed a hellion
   288 | D        | Noticed a water elemental
   294 | D        | Killed a water elemental
   294 | D        | Reached skill level 7 in Shields
   294 | D        | Reached XP level 5. HP: 47/47 MP: 5/5
   298 | D        | Found a glowing silver altar of Zin.
   299 | D        | Found a glowing golden altar of the Shining One.
   299 | D        | Found a white marble altar of Elyvilon.
   299 | D        | Noticed a deep elf mage
   303 | D        | Killed a deep elf mage
   303 | D        | Reached skill level 9 in Shields
   303 | D        | Reached XP level 6. HP: 57/58 MP: 6/6
   303 | D        | Reached XP level 7. HP: 63/64 MP: 7/7
   310 | D        | Found a radiant altar of Vehumet.
   310 | D        | Found a deep blue altar of Sif Muna.
   310 | D        | Found an ancient bone altar of Kikubaaqudgha.
   311 | D        | Reached skill level 10 in Shields
   324 | D        | Found a hide-covered altar of Uskayaw.
   324 | D        | Found a roughly hewn altar of Beogh.
   324 | D        | Found an iron altar of Okawaru.
   324 | D        | Found a bloodstained altar of Trog.
   324 | D        | Found an ornate altar of the Wu Jian Council.
   324 | D        | Noticed a human
   324 | D        | Noticed a human
   334 | D        | Killed a human
   334 | D        | Reached XP level 8. HP: 36/72 MP: 8/8
   337 | D        | Killed a human
   337 | D        | Reached skill level 10 in Armour
   340 | D        | Became a worshipper of Warmaster Okawaru
   578 | D        | Found a basalt altar of Yredelemnul.
   578 | D        | Found a shadowy altar of Dithmenos.
   578 | D        | Found a sacrificial altar of Ru.
   585 | D        | Reached skill level 10 in Fighting
   626 | D        | Noticed a shadow
   633 | D        | Killed a shadow
   633 | D        | Reached * piety under Okawaru
   633 | D        | Reached skill level 11 in Shields
   643 | D        | Found a blossoming altar of Fedhas.
   643 | D        | Found a stormy altar of Qazlal.
   644 | D        | Found a snail-covered altar of Cheibriados.
   644 | D        | Found a burning altar of Makhleb.
   644 | D        | Found a hazy altar of Hepliaklqana.
   644 | D        | Found a shimmering altar of Xom.
   644 | D        | Found an opulent altar of Gozag.
   644 | D        | Found a sparkling altar of Nemelex Xobeh.
   644 | D        | Found a corrupted altar of Lugonu.
   644 | D        | Found a viscous altar of Jiyva.
   688 | D        | Reached skill level 1 in Dodging
   769 | D        | Noticed an orc knight
   769 | D        | Noticed an orc sorcerer
   805 | D        | Noticed a rust devil
   806 | D        | Noticed a rust devil
   813 | D        | Noticed a rust devil
   819 | D        | Mangled by an orc knight

Skill      XL: |  1  2  3  4  5  6  7  8 |
---------------+-------------------------+-----
Fighting       | 4 6 9 10 | 10.4
Armour         | 4 6 9 10 | 10.6
Shields        | 5 6 7 9 10 11 | 11.3
Staves         | 3 4 7 8 9 |  9.7
Dodging        | 1 |  1.0
Evocations     | |  0.1

Action                   |  1- 3 |  4- 6 |  7- 9 || total
-------------------------+-------+-------+-------++-------
Melee: Quarterstaff      |    33 |     7 |    81 ||   121
Invok: Heroism           |       |       |     3 ||     3
Evoke: Wand              |       |       |     2 ||     2
  Use: Potion            |       |     1 |       ||     1
       Scroll            |       |       |     3 ||     3
Armor: Scale mail        |     6 |     1 |    10 ||    17
Dodge: Dodged            |    10 |     2 |    19 ||    31
Block: Shield            |    14 |     3 |    43 ||    60
